 Dungeon Crawl Stone Soup version 0.30-a0-341-g682706514a (webtiles) character file.

Game seed: 1258999104678262082

30 LnG the Caller (level 3, 0/19 HPs)
             Began as a Kobold Summoner on Nov 4, 2022.
             Slain by an adder (3 damage)
             ... on level 2 of the Dungeon.
             The game lasted 00:02:18 (1322 turns).

LnG the Caller (Kobold Summoner)                    Turns: 1322, Time: 00:02:18

Health: 0/19       AC:  2    Str:  5    XL:     3   Next: 37%
Magic:  4/6        EV: 15    Int: 18    God:
Gold:   58         SH:  0    Dex: 15    Spells: 0/6 levels left

rFire   . . .      SeeInvis .    e - +0 short sword
rCold   . . .      Faith    .    (no shield)
rNeg    . . .      Spirit   .    a - +0 robe
rPois   +          Reflect  .    (no helmet)
rElec   .          Harm     .    (no cloak)
rCorr   .          Rampage  .    (no gloves)
Will    .....                    (no boots)
Stlth   ++++......               (no amulet)
HPRegen 0.23/turn                g - ring of poison resistance
MPRegen 0.10/turn                (no ring)

@: no status effects
A: small, no large weapons, nightstalker 3
a: no special abilities


You were on level 2 of the Dungeon.
You visited 1 branch of the dungeon, and saw 2 of its levels.

You collected 58 gold pieces.

Inventory:

Hand Weapons
 e - a +0 short sword (weapon)
Armour
 a - a +0 robe (worn)
Jewellery
 g - a ring of poison resistance (left hand)
Scrolls
 c - a scroll of noise {unknown}
 d - 2 scrolls of identify {unknown}
Potions
 b - a potion of magic
 f - a potion of heal wounds {unknown}
 h - 2 potions of might {unknown}


   Skills:
 * Level 2.8 Dodging
 * Level 3.7 Stealth
 + Level 2.4 Spellcasting
 + Level 4.3 Summonings


You couldn't memorise any spells.
You knew the following spells:

 Your Spells              Type           Power      Damage    Failure   Level
a - Summon Small Mammal   Summ           68%        N/A       3%          1
b - Call Imp              Summ           17%        N/A       4%          2
c - Call Canine Familiar  Summ           17%        N/A       9%          3

Your spell library contained the following spells:

 Spells                   Type           Power      Damage    Failure   Level
 Summon Guardian Golem    Hex/Summ       9%         N/A       22%         3
 Summon Lightning Spire   Summ/Air       9%         N/A       56%         4


Dungeon Overview and Level Annotations

Branches:
Dungeon (2/15)

Altars:


Innate Abilities, Weirdness & Mutations

You are small and have problems with some larger weapons.
You are completely attuned to the shadows.


Message History

The endoplasm misses you.
Your white imp hits the endoplasm.
The endoplasm dies!
Magic restored.
Your white imp disappears in a puff of smoke!
A goblin comes into view. It is wielding a +0 club.
The goblin shouts!
The goblin hits you but does no damage.
You hit the goblin.
You kill the goblin!
Things that are here:
a +0 club; a goblin corpse
h - 2 glowing amethyst potions You now have 58 gold pieces (gained 10).
Found 6 poisoned darts.
An adder comes into view.
The adder hisses angrily.
The adder bites you.
You miss the adder. The adder barely misses you.
You closely miss the adder. The adder bites you.
You hit the adder.
The adder is moderately wounded.
The adder misses you. The adder bites you.
You hit the adder but do no damage.
The adder is moderately wounded.
The adder completely misses you.
Casting: Call Imp (safe; 4% risk of failure)
Confirm with . or Enter, or press ? or * to list all spells.
A beastly little devil appears in a puff of flame.
The adder closely misses you. The adder bites you but does no damage.
Your crimson imp hits the adder but does no damage.
You miss the adder.
The adder is moderately wounded.
The adder bites you.
Your crimson imp hits the adder.
You miss the adder.
The adder is heavily wounded.
The adder bites you.
* * * LOW HITPOINT WARNING * * *
The adder bites you.
You die...

#.# #.#
###.###
#.....#
####.#.#.#
.....#...#
####.#.#.#
#.#...#
#..#..#


PPP@PPP# P.PS5.P# P.P.P.P. .P...P... .P(P.PPP# ...P... .PPPPPPP You could see an
adder (ally target) and a friendly crimson imp (summoned).

Vanquished Creatures
  A bat (D:1)
  3 endoplasms (D:1)
  4 goblins
  2 hobgoblins (D:1)
  2 jackals (D:1)
  A ball python (D:1)
  3 frilled lizards (D:1)
  A kobold (D:1)
  2 rats (D:1)
19 creatures vanquished.

Vanquished Creatures (collateral kills)
  2 endoplasms
  3 hobgoblins (D:1)
  A kobold (D:1)
  A rat (D:1)
7 creatures vanquished.

Grand Total: 26 creatures vanquished

Notes
Turn   | Place    | Note
-------+----------+-------------------------------------------
     0 | D:1      | LnG the Kobold Summoner began the quest for the Orb.
     0 | D:1      | Reached XP level 1. HP: 10/10 MP: 3/3
   153 | D:1      | Reached XP level 2. HP: 13/15 MP: 0/5
   159 | D:1      | Learned a level 2 spell: Call Imp
   587 | D:1      | Reached XP level 3. HP: 19/19 MP: 6/6
   606 | D:1      | Learned a level 3 spell: Call Canine Familiar
  1322 | D:2      | Slain by an adder

Illustrated notes

Levels and vault maps discovered:
D:1:      amcnicky_arrival_underground_garden, layout_basic
D:2:      layout_loops_cross, basic_ecumenical_altar, serial_shops, shop,
          st_stairs_7, hangedman_decor_diamond_cutter, minmay_hedge_maze,
          serial_bayou_lake_a, uniq_jessica

Skill      XL: |  1  2 |
---------------+-------+-----
Stealth        | 3 |  3.7
Dodging        | |  2.8
Spellcasting   | |  2.4
Summonings     | |  4.3

Action                   || total
-------------------------++-------
Melee: Unarmed           ||    10
       Short sword       ||    44
 Cast: Summon Small Mamm ||    10
       Call Imp          ||     3
 Stab: Sleeping          ||    12
Armor: Robe              ||     3
Dodge: Dodged            ||    36

Table legend: (Time is in decaauts)
 A = Elapsed time spent in this place.
 B = Non-inter-level travel time spent in this place.
 C = Inter-level travel time spent in this place.
 D = Time resting spent in this place.
 E = Time spent auto-exploring this place.
 F = Levels seen in this place.
 G = Mean time per level.
                   A        B        C        D        E       F      G
               +--------+--------+--------+--------+--------+-----+--------+
         Total |   1338 |   1326 |     12 |      0 |   1101 |   2 |  669.0 |
       Dungeon |   1338 |   1326 |     12 |      0 |   1101 |   2 |  669.0 |
               +--------+--------+--------+--------+--------+-----+--------+

Top non-repeatable levels by time:
     D:1: 1162 daAuts
     D:2: 176 daAuts
